 Dungeon Crawl Stone Soup version 0.31-a0-986-g5e6e4ef867 (webtiles) character file.

Game seed: 6437936598890992166

624 FakeRyeBread the Cudgeller (level 7, -1/44 HPs)
             Began as a Gargoyle Fighter on Nov 8, 2023.
             Was a Follower of Okawaru.
             Slain by an ogre
             ... wielding a +0 giant club
              (21 damage)
             ... on level 5 of the Dungeon.
             The game lasted 00:11:14 (4326 turns).

FakeRyeBread the Cudgeller (Gargoyle Fighter)       Turns: 4326, Time: 00:11:15

Health: -1/44      AC: 15    Str: 21    XL:     7   Next: 47%
Magic:  7/7        EV:  9    Int:  9    God:    Okawaru [*.....]
Gold:   36         SH:  5    Dex:  9    Spells: 6/6 levels left

rFire   . . .        a - +1 flail
rCold   . . .        c - +1 buckler
rNeg    + . .        b - +0 scale mail
rPois   ∞            i - +1 helmet
rElec   +            (no cloak)
rCorr   .            (no gloves)
SInv    .            r - +0 pair of boots {Stlth+}
Will    .....        (no amulet)
Stlth   +            (no ring)
HPRegen 0.27/turn    (no ring)
MPRegen 0.10/turn

%: no passive effects
@: no status effects
A: sickness immunity, AC +4, negative energy resistance 1, electricity
resistance, torment resistance 1, petrification resistance
a: Renounce Religion, Heroism


You were on level 5 of the Dungeon.
You worshipped Okawaru.
Okawaru was aware of your devotion.
You visited 1 branch of the dungeon, and saw 5 of its levels.

You collected 197 gold pieces.
You spent 161 gold pieces at shops.

Inventory:

Hand Weapons
 a - a +1 flail (weapon)
Missiles
 g - 3 throwing nets
Armour
 b - a +0 scale mail (worn)
 c - a +1 buckler (worn)
 i - a +1 helmet (worn)
 r - a +0 pair of boots of stealth (worn)
Jewellery
 q - an amulet of regeneration
Scrolls
 e - 3 scrolls of teleportation
 f - a scroll of identify
 j - 4 scrolls of fog
 k - a scroll of enchant armour
 l - a scroll of enchant weapon
 o - a scroll of blinking
Potions
 d - 2 potions of might
 m - 2 potions of haste {unknown}
 n - 3 potions of enlightenment
 p - a potion of brilliance {unknown}
 s - a potion of heal wounds {unknown}


   Skills:
 + Level 5.0 Fighting
 * Level 5.2 Maces & Flails
 + Level 5.0 Armour
 + Level 5.0 Shields
 + Level 1.0 Invocations


You had 6 spell levels left.
You didn't know any spells.
Your spell library contained the following spells:

 Spells                   Type           Power      Damage    Failure   Level
 Foxfire                  Conj/Fire      0%         2x1d4     78%         1
 Magic Dart               Conj           0%         1d3       78%         1
 Searing Ray              Conj           0%         2d4       89%         2
 Ignite Poison            Fire/Tmut/Pois 0%         N/A       98%         3
 Fulminant Prism          Conj/Hex       0%         3d5       100%        4
 Freezing Cloud           Conj/Ice/Air   0%         6-21      100%        5
 Plasma Beam              Fire/Air       0%         2x1d10    100%        6
 Starburst                Conj/Fire      0%         6d3       100%        6
 Cigotuvi's Dreadful Rot  Necr/Pois/Air  Unusable   N/A       N/A         2

Dungeon Overview and Level Annotations

Branches:
Dungeon (5/15)
 Temple: D:4-7

Altars:
Kikubaaqudgha
Okawaru
Vehumet

Shops:
D:2 [

Annotations:
D:3 2 transporters, 1 runed translucent door


Innate Abilities, Weirdness & Mutations

You are immune to sickness and miasma.
Your stone body is resilient. (AC +4)
You are immune to poison.
You resist negative energy. (rN+)
You are resistant to electric shocks. (rElec)
You are resistant to unholy torment.
You are immune to petrification.


Message History

a +0 ring mail; a +0 spear
Things that are here:
a +2 heavy spear; a gnoll corpse
Things that are here:
a +0 leather armour; a +3 dagger
There is a stone staircase leading down here.
An ogre comes into view. It is wielding a +0 giant club.
The ogre shouts!
You sock the ogre!
The ogre is moderately wounded.
The ogre barely misses you.
You closely miss the ogre.
The ogre is moderately wounded.
The ogre closely misses you.
You barely miss the ogre.
The ogre is moderately wounded.
You sock the ogre!
The ogre is severely wounded.
The ogre hits you with a +0 giant club!
You hit the ogre but do no damage.
The ogre is severely wounded.
You block the ogre's attack.
You barely miss the ogre.
The ogre is severely wounded.
The ogre closely misses you.
You sock the ogre!
The ogre is almost dead.
The ogre closely misses you.
You hit the ogre.
The ogre is almost dead.
You barely miss the ogre.
The ogre is almost dead.
The ogre barely misses you.
You closely miss the ogre.
The ogre is almost dead.
The ogre hits you with a +0 giant club!!
You barely miss the ogre.
The ogre is almost dead.
The ogre hits you with a +0 giant club!!
You die...

#.#.####.# .###.. #...#
#.# .....# #.)## #.#
#....####..# #.#
#...g†...# #.#
#...####.## #.# ...#.#
#.# #.# . #O##
#.######.#### #@.#
#.##......... ##.#
#.##.........
#.###.###.##.........
#..........#.........
######.##..#.........
#..#...####.####
#....#..........
####.#..####.......
#######....#....##.......


You could see an ogre.

Vanquished Creatures
  A centaur (D:5)
  A gnoll sergeant (D:5)
  2 scorpions
  3 jellies
  A gnoll bouda (D:3)
  An iguana (D:4)
  8 gnolls
  7 adders
  A worm (D:5)
  3 dart slugs
  4 orcs
  7 ball pythons
  5 endoplasms
  2 giant cockroaches (D:1)
  10 goblins
  10 hobgoblins
  4 kobolds
  A quokka (D:4)
  6 bats
  3 frilled lizards (D:3)
  5 rats
85 creatures vanquished.

Notes
Turn   | Place    | Note
-------+----------+-------------------------------------------
     0 | D:1      | FakeRyeBread the Gargoyle Fighter began the quest for the
                  | Orb.
     0 | D:1      | Reached XP level 1. HP: 14/14 MP: 1/1
   113 | D:1      | Reached XP level 2. HP: 19/19 MP: 2/2
   340 | D:1      | Reached XP level 3. HP: 23/23 MP: 3/3
   638 | D:2      | Found a faded altar of an unknown god.
   739 | D:2      | Reached XP level 4. HP: 27/29 MP: 4/4
  1070 | D:2      | Found Tegrag's Armour Shop.
  1154 | D:3      | Found a transporter.
  1377 | D:3      | Reached XP level 5. HP: 8/33 MP: 5/5
  1491 | D:3      | Found an iron altar of Okawaru.
  1491 | D:3      | Found a runed translucent door.
  1496 | D:3      | Noticed a centaur
  1498 | D:3      | Noticed an ogre
  1498 | D:3      | Found the +0 toga "Victory" {*Victory Clar}
  1500 | D:3      | Became a worshipper of Warmaster Okawaru
  1639 | D:3      | Found a transporter.
  2586 | D:4      | Reached XP level 6. HP: 35/39 MP: 6/6
  3024 | D:4      | Found a radiant altar of Vehumet.
  3217 | D:2      | Bought a +0 pair of boots of stealth for 161 gold pieces
  3573 | D:5      | Entered Level 5 of the Dungeon
  3573 | D:5      | Found an ancient bone altar of Kikubaaqudgha.
  3582 | D:5      | Reached * piety under Okawaru
  3595 | D:5      | Reached XP level 7. HP: 13/44 MP: 7/7
  3999 | D:5      | Reached skill level 5 in Fighting
  3999 | D:5      | Reached skill level 5 in Maces & Flails
  4050 | D:5      | Reached skill level 5 in Armour
  4050 | D:5      | Reached skill level 5 in Shields
  4173 | D:5      | Reached skill level 1 in Invocations
  4326 | D:5      | Slain by an ogre

Illustrated notes

Levels and vault maps discovered:
D:1:      dpeg_arrival_orchard, layout_rooms, kennysheep_flooded_box,
          minmay_misc_feat_enclosed, minmay_misc_feat_x
D:2:      layout_basic, serial_shops, shop_statue, nicolae_ecumenical_pavilion
D:3:      gammafunk_steamed_eel, layout_basic,
          nicolae_overflow_guarded_unrand_okawaru_victory,
          hangedman_decor_riveting
D:4:      layout_rooms, vehumet_crystals, minmay_unequal
D:5:      layout_rooms, lemuel_coloured_pillars_altar,
          mainiacjoe_overflow_cross_hatched, serial_curves, eino_curves_02,
          eino_curves_01

Skill      XL: |  1  2  3  4  5  6  7 |
---------------+----------------------+-----
Maces & Flails | 3 4 5 |  5.2
Shields        | 4 5 |  5.0
Armour         | 4 5 |  5.0
Fighting       | 4 5 |  5.0
Invocations    | 1 |  1.0

Action                     |  1- 3 |  4- 6 |  7- 9 || total
---------------------------+-------+-------+-------++-------
  Melee: Flail             |    99 |   127 |    81 ||   307
    Use: Scroll            |       |    10 |       ||    10
         Potion            |       |     3 |       ||     3
 Armour: Scale mail        |    92 |   118 |    80 ||   290
  Dodge: Dodged            |    56 |    61 |    36 ||   153
  Block: Buckler           |    14 |    53 |    28 ||    95

Table legend: (Time is in decaauts)
 A = Elapsed time spent in this place.
 B = Non-inter-level travel time spent in this place.
 C = Inter-level travel time spent in this place.
 D = Time resting spent in this place.
 E = Time spent auto-exploring this place.
 F = Levels seen in this place.
 G = Mean time per level.
                   A        B        C        D        E       F      G
               +--------+--------+--------+--------+--------+-----+--------+
         Total |   4408 |   3479 |    929 |    724 |   1861 |   5 |  881.6 |
       Dungeon |   4408 |   3479 |    929 |    724 |   1861 |   5 |  881.6 |
               +--------+--------+--------+--------+--------+-----+--------+

Top non-repeatable levels by time:
     D:3: 1205 daAuts
     D:4: 1017 daAuts
     D:2: 974 daAuts
     D:1: 662 daAuts
     D:5: 548 daAuts
